 Dungeon Crawl Stone Soup version 0.20.1-1-g8b1a95d66d (webtiles) character file.

287 Jynx the Changer (level 6, 0/47 HPs)
             Began as a Draconian Transmuter on Dec 27, 2017.
             Slain by an iguana (7 damage)
             ... on level 4 of the Dungeon.
             The game lasted 00:08:17 (4012 turns).

Jynx the Changer (Draconian Transmuter)             Turns: 4012, Time: 00:08:17

Health: 0/47       AC:  6    Str: 12    XL:     6   Next: 8%
Magic:  11/11      EV: 12    Int: 13    God:
Gold:   129        SH:  0    Dex: 14    Spells: 5/11 levels left

rFire    . . .     SeeInvis .     - Unarmed
rCold    . . .     Gourm    .   (no shield)
rNeg     . . .     Faith    .   (armour unavailable)
rPois    .         Spirit   .   (helmet restricted)
rElec    .         Reflect  .   (no cloak)
rCorr    .         Harm     .   (no gloves)
MR       .....                  (no boots)
Stlth    ++........             (no amulet)
Regen    0.2/turn               (no ring)
MPRegen  0.2/turn               (no ring)

@: no status effects
A: unfitting armour, cold-blooded, AC +6
a: no special abilities


You were on level 4 of the Dungeon.
You were not hungry.

You visited 1 branch of the dungeon, and saw 4 of its levels.

You collected 129 gold pieces.

Inventory:

Jewellery
 f - a cursed amulet of inaccuracy
 i - an uncursed ring of positive energy
Wands
 a - a wand of scattershot (6/9)
 o - a wand of polymorph (14/24)
Scrolls
 g - 2 scrolls of identify
 h - 2 scrolls of enchant armour
 j - 3 scrolls of amnesia
 n - 2 scrolls of teleportation {unknown}
 p - a scroll of enchant weapon {unknown}
 q - a scroll of random uselessness {unknown}
 s - 2 scrolls of remove curse
Potions
 e - 2 potions of mutation
 l - 2 potions of agility {unknown}
 t - a potion of haste {unknown}
Books
 b - a book of Changes

   Spells                             Type                      Level
   a - Beastly Appendage              Transmutation                1
   b - Sticks to Snakes               Transmutation                2
   c - Spider Form                    Transmutation/Poison         3
   d - Ice Form                       Ice/Transmutation            4
   e - Blade Hands                    Transmutation                5
Comestibles
 c - 4 bread rations
 d - 4 royal jellies
 k - a meat ration


   Skills:
 - Level 1.1 Fighting
 - Level 1.7 Dodging
 - Level 1.0 Stealth
 * Level 3.0 Unarmed Combat
 + Level 3.3 Spellcasting
 * Level 4.8 Transmutations
 + Level 2.3 Poison Magic


You had 5 spell levels left.
You knew the following spells:

 Your Spells              Type           Power        Failure   Level  Hunger
a - Beastly Appendage     Tmut           ##....       3%          1    #......
b - Sticks to Snakes      Tmut           ##......     4%          2    ##.....
c - Spider Form           Tmut/Pois      ##........   16%         3    ###....


Dungeon Overview and Level Annotations

Branches:
Dungeon (4/15)
 Temple: D:4-7

Altars:
Fedhas
Gozag
Hepliaklqana
Qazlal
Ru

Annotations:
D:3 keat06's ghost, amateur FoFi


Innate Abilities, Weirdness & Mutations

Your plain brown scales are hard. (AC +6)
You cannot fit into any form of body armour.
You are cold-blooded and may be slowed by cold attacks.


Message History

The iguana is almost dead.
The iguana bites you but does no damage.
You hit the iguana.
The iguana is almost dead.
The iguana bites you!
You are too injured to fight recklessly!
You are too injured to fight recklessly!
You closely miss the iguana.
The iguana is almost dead.
The iguana bites you.
* * * LOW HITPOINT WARNING * * *
You hit the iguana but do no damage.
You tail-slap the iguana, but do no damage.
The iguana is almost dead.
The iguana bites you!
* * * LOW HITPOINT WARNING * * *
You closely miss the iguana.
The iguana is almost dead.
The iguana bites you!
You die...

#.#.###
#.###.....##
###.# #.#.# #.#
##...## #.#
#.#.#####.# #+##
#.. #.........# #
## ###.#######
.#### #.# #.....
#.# ###...##
#.########.l....#
#.........@....#
##########.....#
##....... ###.###
#


You could see an iguana.

Vanquished Creatures
  A hound (D:3)
  An iguana (D:4)
  An adder (D:2)
  2 oozes (D:3)
  A worm (D:3)
  3 dart slugs
  5 leopard geckos
  3 orcs (D:3)
  3 bats (D:1)
  4 giant cockroaches
  4 goblins
  4 hobgoblins
  5 jackals
  2 quokkas
  5 ball pythons
  5 frilled lizards
  8 kobolds
  8 rats
65 creatures vanquished.

Vanquished Creatures (collateral kills)
  Sigmund (D:2)
  2 adders (D:2)
  2 worms
  3 orcs (D:3)
  A goblin (D:3)
  A hobgoblin (D:3)
  A bat (D:3)
11 creatures vanquished.

Grand Total: 76 creatures vanquished

Notes
Turn   | Place    | Note
-------+----------+-------------------------------------------
     0 | D:1      | Jynx the Draconian Transmuter began the quest for the Orb.
     0 | D:1      | Reached XP level 1. HP: 16/16 MP: 3/3
   242 | D:1      | Reached XP level 2. HP: 13/23 MP: 5/5
   600 | D:1      | Reached skill level 1 in Stealth
   610 | D:1      | Learned a level 2 spell: Sticks to Snakes
  1047 | D:2      | Reached XP level 3. HP: 18/28 MP: 6/6
  1233 | D:2      | Found a sacrificial altar of Ru.
  1254 | D:2      | Reached skill level 3 in Transmutations
  1304 | D:2      | Learned a level 3 spell: Spider Form
  1693 | D:2      | Found an opulent altar of Gozag.
  1845 | D:2      | Noticed Sigmund
  1861 | D:2      | Killed Sigmund
  1861 | D:2      | Reached skill level 4 in Transmutations
  1861 | D:2      | Reached skill level 1 in Poison Magic
  1861 | D:2      | Reached XP level 4. HP: 14/35 MP: 3/8
  1861 | D:2      | Reached XP level 5. HP: 16/40 MP: 3/9
  2737 | D:3      | Found a stormy altar of Qazlal.
  2746 | D:3      | Found a hazy altar of Hepliaklqana.
  2747 | D:3      | Noticed keat06's ghost (amateur FoFi)
  3036 | D:3      | Noticed a sky beast
  3091 | D:2      | HP: 1/40 [something (7)]
  3701 | D:4      | Reached XP level 6. HP: 31/47 MP: 9/11
  3957 | D:4      | Found a blossoming altar of Fedhas.
  4012 | D:4      | Slain by an iguana

Skill      XL: |  1  2  3  4  5 |
---------------+----------------+-----
Stealth        | 1 |  1.0
Transmutations | 4 |  4.8
Spellcasting   | 3 |  3.3
Poison Magic   | 1 2 |  2.3
Fighting       | |  1.1
Dodging        | |  1.7
Unarmed Combat | |  3.0

Action                   |  1- 3 |  4- 6 || total
-------------------------+-------+-------++-------
Melee: Unarmed           |   125 |   137 ||   262
       Tailslap          |    13 |    11 ||    24
       Kick              |     5 |     5 ||    10
       Headbutt          |     1 |     8 ||     9
       Punch             |     1 |     1 ||     2
 Cast: Beastly Appendage |     7 |    11 ||    18
       Sticks to Snakes  |     7 |     5 ||    12
       Spider Form       |       |     1 ||     1
  Use: Scroll            |       |     7 ||     7
 Stab: Sleeping          |     4 |       ||     4
  Eat: Chunk             |     3 |     8 ||    11
Armor: Skin              |    27 |    46 ||    73
Dodge: Dodged            |    80 |   110 ||   190
